AoeStats
← amityy

Arabia

509808602Analyzed
2v2 RM · 5d ago on Sep 28, 2026· 33m 39s· 4 players
Game mode
Random Map
Map size
Medium (4 player)
Population
200
Speed
Normal
Resources
Standard
Victory
Conquest
Starting age
Dark Age
Ending age
Imperial Age
RankedLock teamsTeams togetherTeam positionsShared explorationLock speedFull tech treeHidden civsTurbo modeCheats
Victory
Defeat
🇨🇴 Britons · Colombia
920
+15
🇨🇴 Franks · Colombia
919
+15
🇺🇸 Khmer · United States
994
-25
🇺🇸 Vietnamese · United States
796
-11
amityy
6:33 Loom
9:15 Feudal Age
13:15 Double-Bit Axe
13:11 Horse Collar
23:37 Castle Age
24:14 Bloodlines
24:10 Scale Barding Armor
24:57 Husbandry
crustytots409
7:18 Loom
10:37 Feudal Age
18:36 Double-Bit Axe
21:22 Padded Archer Armor
22:48 Scale Mail Armor
24:53 Castle Age
24:00 Fletching
26:07 Bow Saw
25:47 Horse Collar
26:46 Wheelbarrow
28:01 Bodkin Arrow
27:31 Crossbowman
30:01 Leather Archer Armor
32:41 Chain Mail Armor
33:10 Heavy Plow
33:28 Hand Cart
Nick
7:07 Loom
9:54 Feudal Age
10:07 Man-at-Arms
14:36 Double-Bit Axe
16:10 Wheelbarrow
20:09 Castle Age
19:27 Fletching
21:04 Horse Collar
21:27 Crossbowman
25:22 Padded Archer Armor
26:11 Bow Saw
25:56 Gold Mining
27:17 Bodkin Arrow
27:06 Pikeman
30:00 Forging
31:16 Ballistics
33:59 Town Watch
Hades92
7:13 Loom
9:51 Feudal Age
21:52 Castle Age
22:48 Scale Barding Armor
23:17 Fletching
24:10 Husbandry
25:24 Stone Mining
26:35 Forging
28:56 Pikeman
29:36 Squires
Connection lost

Rejoining the realm…

Still unreachable

The connection could not be restored.

Session expired

The server has moved on; the page needs a fresh start.